[Event "Germany Countries-chT Youth 2022"]
[Site "Wiesbaden"]
[Date "2022.10.02"]
[Round "4"]
[White "Koepnick, Amanda"]
[Black "Kellner, Anton"]
[Result "1-0"]
[ECO "B23"]
[WhiteElo "1244"]
[BlackElo "1382"]
[Annotator "NA RC COMBH"]
[PlyCount "57"]
[EventDate "2022.09.28"]
[EventType "team-tourn"]
[EventRounds "7"]
[EventCountry "GER"]
[SourceTitle "playchess.com"]
[Source "ChessBase"]
[SourceQuality "1"]
[TimeControl "40/5400+30:1800+30"]

1. e4 c5 2. Nc3 d6 3. g3 Nc6 4. Bg2 e5 5. d3 g6 6. Nh3 Be6 7. f4 Bg7 8. O-O Nge7 9. Ng5 Qc8 10. Nxe6 Qxe6 11. Nb5 Qd7 12. Qf3 O-O-O 13. f5 Ng8 14. Bh3 Nf6 15. Kg2 g5 16. Bxg5 a6 17. Nc3 Nd4 18. Qf2 Qc7 19. Bxf6 Bxf6 20. Nd5 Qa5 21. Nxf6 Qa4 22. Rfc1 Qb5 23. c3 Nc6 24. Qd2 Qa5 25. Nd5 b5 26. a3 Nd4 27. Qd1 Nc6 28. b4 Qa4 29. Nb6+ 1-0

[Event "Germany Countries-chT Youth 2022"]
[Site "Wiesbaden"]
[Date "2022.10.03"]
[Round "5"]
[White "Krastev, Alexander"]
[Black "Boder, Jan"]
[Result "1/2-1/2"]
[ECO "C54"]
[WhiteElo "2431"]
[BlackElo "2341"]
[Annotator "RC"]
[PlyCount "61"]
[EventDate "2022.09.28"]
[EventType "team-tourn"]
[EventRounds "7"]
[EventCountry "GER"]
[SourceTitle "playchess.com"]
[Source "ChessBase"]
[SourceQuality "1"]
[TimeControl "40/5400+30:1800+30"]

1. e4 e5 2. Nf3 Nc6 3. Bc4 Bc5 4. c3 Nf6 5. d3 a6 6. Bb3 d6 7. O-O O-O 8. Re1 h6 9. Nbd2 Be6 10. Nf1 Re8 11. Bxe6 fxe6 12. d4 Bb6 13. Ng3 Qd7 14. h3 Qf7 15. dxe5 Nxe5 16. Nxe5 dxe5 17. Be3 Rad8 18. Qb3 Rd6 19. Rad1 Bxe3 20. Rxe3 Red8 21. Rxd6 cxd6 22. Re1 Kh8 23. Qb6 Qe7 24. c4 Rc8 25. b3 Qc7 26. Qe3 Qc5 27. Qe2 b5 28. cxb5 axb5 29. Nh5 Qc2 30. Nxf6 Qxe2 31. Rxe2 1/2-1/2

[Event "Germany Countries-chT Youth 2022"]
[Site "Wiesbaden"]
[Date "2022.10.03"]
[Round "5"]
[White "Kolb, Tobias"]
[Black "Pubantz, Jan"]
[Result "1/2-1/2"]
[ECO "D12"]
[WhiteElo "2357"]
[BlackElo "2273"]
[Annotator "RC"]
[PlyCount "98"]
[EventDate "2022.09.28"]
[EventType "team-tourn"]
[EventRounds "7"]
[EventCountry "GER"]
[SourceTitle "playchess.com"]
[Source "ChessBase"]
[SourceQuality "1"]
[TimeControl "40/5400+30:1800+30"]

1. d4 d5 2. c4 c6 3. Nf3 Nf6 4. e3 Bf5 5. Nc3 e6 6. Nh4 Be4 7. f3 Bg6 8. Bd2 Be7 9. Nxg6 hxg6 10. Qb3 Qc7 11. cxd5 Nxd5 12. O-O-O Nxc3 13. Bxc3 a5 14. e4 a4 15. Qc2 a3 16. b3 Rxh2 17. Rxh2 Qxh2 18. d5 exd5 19. exd5 cxd5 20. Bxg7 Nc6 21. Rxd5 Qg1 22. Rd1 Qe3+ 23. Kb1 Rd8 24. Rxd8+ Bxd8 25. Bb5 Qe1+ 26. Qc1 Qxc1+ 27. Kxc1 Bg5+ 28. Kc2 f6 29. f4 Bh4 30. g3 Bxg3 31. Bxf6 Bxf4 32. Kd3 Kf7 33. Bc3 Bd6 34. Ke4 Nb4 35. Bxb4 Bxb4 36. Bd7 Kf6 37. Bc8 b6 38. Bd7 Ke7 39. Bg4 Kd6 40. Be2 Kc5 41. Bg4 Bd2 42. b4+ Kxb4 43. Be6 Kc3 44. Kf3 b5 45. Kg4 b4 46. Bg8 g5 47. Bf7 Kd4 48. Bg8 Bf4 49. Bf7 Ke3 1/2-1/2

[Event "Germany Countries-chT Youth 2022"]
[Site "Wiesbaden"]
[Date "2022.10.03"]
[Round "5"]
[White "Stelmaszyk, Nico"]
[Black "Lutsko, Artem"]
[Result "1/2-1/2"]
[ECO "B22"]
[WhiteElo "2355"]
[BlackElo "2431"]
[Annotator "RC"]
[PlyCount "58"]
[EventDate "2022.09.28"]
[EventType "team-tourn"]
[EventRounds "7"]
[EventCountry "GER"]
[SourceTitle "playchess.com"]
[Source "ChessBase"]
[SourceQuality "1"]
[TimeControl "40/5400+30:1800+30"]

1. e4 c5 2. c3 Nf6 3. e5 Nd5 4. Bc4 e6 5. Nf3 d6 6. d4 cxd4 7. cxd4 Be7 8. O-O O-O 9. Qe2 Bd7 10. Rd1 Bc6 11. Bxd5 Bxd5 12. Nc3 Bc6 13. d5 exd5 14. Nxd5 Nd7 15. Bf4 dxe5 16. Nxe5 Nxe5 17. Qxe5 Bxd5 18. Rxd5 Qe8 19. Qc7 Bf6 20. Qxb7 Qe4 21. g3 Bxb2 22. Rad1 Rad8 23. Qb3 Rxd5 24. Qxd5 Qa4 25. Qb3 Qxb3 26. axb3 Ra8 27. Rd7 f6 28. Be3 a5 29. Kf1 a4 1/2-1/2

[Event "Germany Countries-chT Youth 2022"]
[Site "Wiesbaden"]
[Date "2022.10.03"]
[Round "5"]
[White "Huber, Benedikt"]
[Black "Kieselbach, Jannik"]
[Result "1-0"]
[ECO "B90"]
[WhiteElo "2299"]
[BlackElo "1848"]
[Annotator "RC"]
[PlyCount "81"]
[EventDate "2022.09.28"]
[EventType "team-tourn"]
[EventRounds "7"]
[EventCountry "GER"]
[SourceTitle "playchess.com"]
[Source "ChessBase"]
[SourceQuality "1"]
[TimeControl "40/5400+30:1800+30"]

1. e4 c5 2. Nf3 d6 3. d4 cxd4 4. Nxd4 Nf6 5. Nc3 a6 6. Nb3 e6 7. g4 Be7 8. g5 Nfd7 9. Bf4 Ne5 10. h4 Nbc6 11. a4 h6 12. gxh6 g6 13. Be2 Bxh4 14. Qd2 g5 15. Be3 f6 16. O-O-O Nf7 17. Bh5 Ke7 18. Qe2 Qc7 19. Bxf7 Kxf7 20. Qh5+ Kf8 21. Rxd6 Qf7 22. Qd1 Rxh6 23. f4 gxf4 24. Bxf4 Bg5 25. Bxg5 Rxh1 26. Qxh1 fxg5 27. Qh8+ Ke7 28. Rd1 b6 29. Nd4 Bb7 30. Nxc6+ Bxc6 31. Qd4 Qf4+ 32. Kb1 Rb8 33. Qg7+ Qf7 34. Qxg5+ Qf6 35. Qg3 e5 36. Qd3 b5 37. Rf1 Qe6 38. Nd5+ Bxd5 39. exd5 Qd6 40. Qh7+ Kd8 41. Rg1 1-0

[Event "Germany Countries-chT Youth 2022"]
[Site "Wiesbaden"]
[Date "2022.10.03"]
[Round "5"]
[White "Musiolik, David"]
[Black "Leonard, Timo"]
[Result "1-0"]
[ECO "B12"]
[WhiteElo "2252"]
[BlackElo "2067"]
[PlyCount "81"]
[EventDate "2022.09.28"]
[EventType "team-tourn"]
[EventRounds "7"]
[EventCountry "GER"]
[TimeControl "40/5400+30:1800+30"]

1. e4 c6 2. d4 d5 3. e5 c5 4. dxc5 e6 5. a3 Bxc5 6. Qg4 g6 7. Nf3 Nd7 8. b4 Be7 9. c4 h5 10. Qf4 dxc4 11. Bxc4 Nb6 12. O-O Nxc4 13. Qxc4 Bd7 14. Rd1 Rc8 15. Qe2 Qc7 16. Bb2 Nh6 17. Nc3 Qc4 18. Qd2 Bc6 19. Rac1 Rd8 20. Nd4 Nf5 21. Ne4 Qd5 22. Nxc6 Qxd2 23. Rxd2 Rxd2 24. Nxd2 bxc6 25. Rxc6 Kd7 26. Ra6 Rc8 27. Rxa7+ Kc6 28. Kf1 Kb6 29. Rd7 Rc2 30. Rd3 Kb5 31. Bc3 Bg5 32. Ke2 Bxd2 33. Bxd2 Kc4 34. a4 Ra2 35. a5 Nd4+ 36. Ke3 Nc2+ 37. Ke4 Kb5 38. Rd8 Na3 39. Rb8+ Kc6 40. Be3 Rb2 41. a6 1-0

[Event "Germany Countries-chT Youth 2022"]
[Site "Wiesbaden"]
[Date "2022.10.03"]
[Round "5"]
[White "Laux, Dominik"]
[Black "Heinrich, John"]
[Result "1/2-1/2"]
[ECO "B90"]
[WhiteElo "2248"]
[BlackElo "2139"]
[Annotator "TA"]
[PlyCount "69"]
[EventDate "2022.09.28"]
[EventType "team-tourn"]
[EventRounds "7"]
[EventCountry "GER"]
[SourceTitle "playchess.com"]
[Source "ChessBase"]
[SourceQuality "1"]
[TimeControl "40/5400+30:1800+30"]

1. e4 c5 2. Nf3 d6 3. d4 cxd4 4. Nxd4 Nf6 5. Nc3 a6 6. Bd3 Nc6 7. Nxc6 bxc6 8. O-O g6 {[%emt 0:00:58] B90: Sicilian Najdorf: Unusual White 6th moves, 6 Be3 Ng4 and 6 Be3 e5.} 9. Na4 Bg7 10. Qe1 O-O {[%emt 0:07:58] White has an edge.} 11. Bd2 Nd7 12. Ba5 Qe8 {[%emt 0:01:17] [#]} 13. f4 $146 ({Predecessor:} 13. Rd1 c5 14. b3 Bb7 15. f4 Bc6 16. Nc3 Ra7 17. Rd2 Qa8 18. Re2 e6 19. Nd1 {0-1 (33) Muranyi,K (2400)-Le Quang,K (2315) Budapest 2006}) 13... c5 14. Kh1 (14. Bc3 $14 {deserves consideration.}) 14... Ne5 $11 15. fxe5 {[%emt 0:04:51] [#] Strongly threatening Nb6.} Qxa4 16. exd6 exd6 17. Bc3 Be6 18. Bxg7 Kxg7 19. Qc3+ f6 20. Rad1 (20. b3 $5 Qb4 21. Qe1 $11) 20... Qb4 21. Qxb4 cxb4 22. Be2 Rfd8 23. Rd4 a5 24. Ra1 Rac8 25. Bd3 {[%emt 0:00:57] The position is equal.} f5 26. a3 bxa3 27. Rxa3 Rc5 28. h3 Kf6 29. Rda4 Rb8 30. b3 fxe4 31. Bxe4 Bf5 32. Bxf5 gxf5 33. c4 Re5 34. Kg1 Re3 35. Rxa5 {[%emt 0:00:45] Weighted Error Value: White=0.06 (flawless) /Black=0.06 (flawless)} 1/2-1/2

[Event "Germany Countries-chT Youth 2022"]
[Site "Wiesbaden"]
[Date "2022.10.03"]
[Round "5"]
[White "von Mettenheim, Johannes"]
[Black "Schneider, Jana"]
[Result "0-1"]
[ECO "A40"]
[WhiteElo "2231"]
[BlackElo "2323"]
[Annotator "RC"]
[PlyCount "54"]
[EventDate "2022.09.28"]
[EventType "team-tourn"]
[EventRounds "7"]
[EventCountry "GER"]
[SourceTitle "playchess.com"]
[Source "ChessBase"]
[SourceQuality "1"]
[TimeControl "40/5400+30:1800+30"]

1. d4 Nf6 2. c4 e6 3. g3 d5 4. Nf3 Bb4+ 5. Bd2 Bd6 6. Bg2 O-O 7. O-O c6 8. Qc2 Ne4 9. Nc3 f5 10. Bf4 Bxf4 11. gxf4 Rf6 12. e3 Rh6 13. b4 Bd7 14. h3 Be8 15. Kh2 Nd7 16. Ne5 Nxe5 17. fxe5 Qh4 18. Nxe4 fxe4 19. cxd5 cxd5 20. Qc7 Bh5 21. Rac1 Rf8 22. Qxb7 Be2 23. Rc7 Rg6 24. Rg1 h6 25. Rc8 Rxc8 26. Qxc8+ Kh7 27. Qf8 Bf3 0-1

[Event "Germany Countries-chT Youth 2022"]
[Site "Wiesbaden"]
[Date "2022.10.03"]
[Round "5"]
[White "Bornholdt, Joa Max"]
[Black "Schmider, Niklas"]
[Result "1/2-1/2"]
[ECO "D43"]
[WhiteElo "2196"]
[BlackElo "2407"]
[Annotator "RC"]
[PlyCount "101"]
[EventDate "2022.09.28"]
[EventType "team-tourn"]
[EventRounds "7"]
[EventCountry "GER"]
[SourceTitle "playchess.com"]
[Source "ChessBase"]
[SourceQuality "1"]
[TimeControl "40/5400+30:1800+30"]

1. Nf3 d5 2. d4 Nf6 3. c4 e6 4. Nc3 c6 5. Bg5 h6 6. Bxf6 Qxf6 7. e3 Nd7 8. Bd3 dxc4 9. Bxc4 g6 10. O-O Bg7 11. Rc1 O-O 12. b4 Qe7 13. Qb3 e5 14. dxe5 Nxe5 15. Nxe5 Qxe5 16. b5 cxb5 17. Qxb5 Qxb5 18. Nxb5 Bd7 19. Rfd1 Bc6 20. f3 a6 21. Nd4 Ba4 22. Nb3 Rae8 23. Kf2 Re7 24. Rd6 Rc7 25. Bd5 Rxc1 26. Nxc1 Rc8 27. Bb3 Bxb3 28. Nxb3 Rc4 29. f4 Ra4 30. Rd2 b5 31. Kf3 Ra3 32. Ke4 a5 33. Nd4 f5+ 34. Kd5 b4 35. e4 fxe4 36. Kxe4 Rc3 37. Ne6 Bf6 38. f5 g5 39. Kd5 a4 40. Nc5 b3 41. axb3 axb3 42. Ne4 Rc2 43. Ke6 Rc6+ 44. Kd5 Rb6 45. Nxf6+ Rxf6 46. Kc4 Rxf5 47. Kxb3 Kg7 48. Kc3 g4 49. Kd4 Rf1 50. Ke3 Kg6 51. Ke4 1/2-1/2

[Event "Germany Countries-chT Youth 2022"]
[Site "Wiesbaden"]
[Date "2022.10.03"]
[Round "5"]
[White "Post, Hugo"]
[Black "Waffenschmidt, Lars"]
[Result "0-1"]
[ECO "C95"]
[WhiteElo "2176"]
[BlackElo "2302"]
[Annotator "RC"]
[PlyCount "104"]
[EventDate "2022.09.28"]
[EventType "team-tourn"]
[EventRounds "7"]
[EventCountry "GER"]
[SourceTitle "playchess.com"]
[Source "ChessBase"]
[SourceQuality "1"]
[TimeControl "40/5400+30:1800+30"]

1. e4 e5 2. Nf3 Nc6 3. Bb5 a6 4. Ba4 Nf6 5. O-O Be7 6. Re1 b5 7. Bb3 d6 8. c3 O-O 9. h3 Nb8 10. d4 Nbd7 11. c4 c6 12. Nc3 Qc7 13. cxb5 axb5 14. Qc2 Ba6 15. a3 Qb7 16. Be3 exd4 17. Nxd4 Rfe8 18. Nf5 Bf8 19. Rad1 Rab8 20. Rxd6 c5 21. Bd5 Nxd5 22. Nxd5 Re6 23. Bf4 Bxd6 24. Nxd6 Qc6 25. Qc3 Nf6 26. Nb4 Qb6 27. Nxa6 Qxa6 28. Qxc5 Rd8 29. Nxb5 Nxe4 30. Qc7 Rc8 31. Qd7 Nc5 32. Rxe6 fxe6 33. Nc7 Nxd7 34. Nxa6 Rc2 35. b4 e5 36. Be3 Ra2 37. Nc5 Nxc5 38. bxc5 Rxa3 39. Kh2 Kf7 40. Kg3 Kf6 41. Kf3 Kf5 42. Ke2 Ke4 43. Kd2 Ra2+ 44. Kc3 Kd5 45. Kb3 Ra1 46. Kc3 Rh1 47. Kb4 Kc6 48. Kc4 Rh2 49. Kd3 Rxg2 50. Ke4 Rh2 51. Kxe5 Rxh3 52. Ke6 Rf3 0-1

[Event "Germany Countries-chT Youth 2022"]
[Site "Wiesbaden"]
[Date "2022.10.03"]
[Round "5"]
[White "Jeschke, Jan"]
[Black "Färber, David"]
[Result "0-1"]
[ECO "B48"]
[WhiteElo "2146"]
[BlackElo "2354"]
[Annotator "RC"]
[PlyCount "118"]
[EventDate "2022.09.28"]
[EventType "team-tourn"]
[EventRounds "7"]
[EventCountry "GER"]
[SourceTitle "playchess.com"]
[Source "ChessBase"]
[SourceQuality "1"]
[TimeControl "40/5400+30:1800+30"]

1. e4 c5 2. Nf3 Nc6 3. d4 cxd4 4. Nxd4 e6 5. Nc3 Qc7 6. Be3 a6 7. a3 b5 8. Nxc6 dxc6 9. f4 Bb7 10. Qf3 Nf6 11. g4 O-O-O 12. g5 Nd7 13. Qf2 h6 14. g6 fxg6 15. O-O-O Nf6 16. Bh3 Rxd1+ 17. Rxd1 Qf7 18. f5 gxf5 19. Qf4 Qc7 20. Bxf5 exf5 21. Qxf5+ Nd7 22. Bf4 g6 23. Rxd7 Qxd7 24. Qe5 Qd6 25. Qe8+ Qd8 26. Qe6+ Qd7 27. Qe5 Kd8 28. Qxh8 Qg7 29. Qxg7 Bxg7 30. Kd2 Kd7 31. Kd3 c5 32. e5 Ke6 33. Ne4 c4+ 34. Kd4 Kf5 35. Nc5 Bc6 36. Bg3 a5 37. b3 cxb3 38. cxb3 g5 39. Nd3 Bf8 40. b4 axb4 41. axb4 h5 42. Be1 h4 43. Ke3 Be7 44. Bd2 Bd8 45. Bc3 Be7 46. Bd2 g4 47. Kd4 Be4 48. Nf2 Bf3 49. Nd3 Be2 50. Nf4 Bf3 51. Nd3 g3 52. hxg3 h3 53. g4+ Kxg4 54. Bf4 Be2 55. Bh2 Bxd3 56. Kxd3 Kf3 57. e6 Kg2 58. Bf4 Bxb4 59. Bd2 Be7 0-1

[Event "Germany Countries-chT Youth 2022"]
[Site "Wiesbaden"]
[Date "2022.10.03"]
[Round "5"]
[White "Geltz, Noah"]
[Black "Pikalow, Michael"]
[Result "1/2-1/2"]
[ECO "B52"]
[WhiteElo "2142"]
[BlackElo "2037"]
[Annotator "TA"]
[PlyCount "84"]
[EventDate "2022.09.28"]
[EventType "team-tourn"]
[EventRounds "7"]
[EventCountry "GER"]
[TimeControl "40/5400+30:1800+30"]

1. e4 c5 2. Nf3 d6 3. Bb5+ Bd7 4. c4 Nf6 5. Nc3 g6 6. Bxd7+ Qxd7 7. d4 cxd4 8. Qxd4 Bg7 9. O-O O-O {[%emt 0:00:04] B52: Sicilian: Moscow Variation with 3...Bd7.} 10. Bg5 h6 11. Bd2 Nc6 12. Qd3 Rac8 {[%emt 0:06:27] [#]} 13. Rac1 $146 ({Predecessor:} 13. b3 Rfd8 14. Rad1 Ng4 15. Qe2 Qe8 16. h3 {½-½ (16) Andersen,M (2582)-Warmerdam,M (2599) Reykjavik 2022}) 13... Qd8 14. b3 Nd7 15. Rfd1 Nc5 16. Qe3 a6 17. Nd5 e6 18. Nf4 a5 19. Nd3 Qe7 20. Bc3 e5 21. Nxc5 dxc5 22. Rd5 b6 23. Ne1 Rcd8 24. Nd3 Rfe8 25. Rxd8 Rxd8 26. Rd1 Rd7 (26... a4 $142) 27. Rd2 Qd8 28. Ne1 Nd4 29. Bxd4 exd4 30. Qf3 h5 31. Nd3 Bh6 32. Re2 Qg5 33. h3 (33. e5 {with more complications.} Re7 34. g3 Qg4 35. Kg2) 33... Re7 34. a4 Re6 {[%emt 0:00:49] [#] Hoping for ...Rf6.} 35. Kh2 Qe7 36. e5 Qe8 37. Qd5 Bg7 38. f4 Kh7 {[%emt 0:00:30] [#]} (38... h4 $1 $11 {keeps the balance.}) 39. f5 {[%emt 0:00:42] White is more active.} (39. g4 $1 $16) 39... gxf5 $11 {[%emt 0:00:21] The position is equal.} 40. Qf3 Bxe5+ 41. Nxe5 Rxe5 42. Qxh5+ Kg7 {Weighted Error Value: White=0.14 (very precise) /Black=0.17 (very precise)} 1/2-1/2

[Event "Germany Countries-chT Youth 2022"]
[Site "Wiesbaden"]
[Date "2022.10.03"]
[Round "5"]
[White "Nied, Pascal"]
[Black "Sommer, Justus"]
[Result "1/2-1/2"]
[ECO "C65"]
[WhiteElo "2131"]
[BlackElo "2122"]
[Annotator "TA"]
[PlyCount "105"]
[EventDate "2022.09.28"]
[EventType "team-tourn"]
[EventRounds "7"]
[EventCountry "GER"]
[SourceTitle "playchess.com"]
[Source "ChessBase"]
[SourceQuality "1"]
[TimeControl "40/5400+30:1800+30"]

1. e4 e5 2. Nf3 Nc6 3. Bb5 Nf6 4. d3 d6 5. c3 g6 6. h3 {[%emt 0:09:11] C65: Ruy Lopez: Berlin Defence (3...Nf6), unusual lines and 4 0-0 Bc5.} Bg7 7. Be3 O-O 8. O-O {[%emt 0:03:42] White has an edge.} a6 9. Ba4 b5 10. Bc2 Bb7 11. Nbd2 Re8 {was the old line (11...Nb8).} 12. b4 {[%cal Bb2b4,Bb4b5][%mdl 32] [#]} a5 $146 ({Predecessor:} 12... Nd7 13. a4 Nf8 14. Bb3 Ne6 15. Bd5 Qc8 16. Nb3 Ne7 17. Bxb7 Qxb7 18. Na5 Qc8 {1-0 (43) Nowicki,B (2305)-Schreiner,P (2479) Krakow 2019}) 13. a4 bxa4 14. b5 Nb8 15. Rxa4 d5 {[%emt 0:13:14] Against Nc4} 16. Nb3 {[%emt 0:08:06] White is more active.} dxe4 (16... c6) (16... c6 $16 {was necessary.}) 17. dxe4 $18 Qc8 18. Qb1 (18. Nxa5 $6 Bxe4 19. Bxe4 Nxe4 $14) 18... Nh5 $2 (18... Bf8 $16 19. Rxa5 (19. Nxa5 Nbd7 $16) 19... Nbd7) 19. Nxa5 (19. Rxa5 Nf4) (19. Rxa5 Nf4 $16) 19... Nf4 20. Re1 {[%emt 0:05:47] Prevents Ne2+.} Nd7 21. Bb3 h6 22. Qa2 Rf8 23. Nxb7 Rxa4 24. Qxa4 Qxb7 25. Qa6 Qxe4 26. Bxf4 Qxf4 27. Qxg6 Nc5 28. Bd5 {[%emt 0:00:58] Hoping for Nxe5.} Rd8 29. Rxe5 (29. Qc6 $1 $18 e4 30. Qxc5 exf3 31. Bxf3) 29... Kh8 $11 30. Bxf7 {[%emt 0:03:59] Black must now prevent Re3.} Bxe5 31. g3 $1 {[%emt 0:00:01] Really sharp!} Qc1+ 32. Kg2 Bg7 $1 {[%emt 0:01:55] Threatens to win with ...Nd3.} (32... Bxc3 33. h4 Bg7 34. Ng5 $1 Qxg5 35. hxg5 $18) 33. h4 $2 (33. b6 $11 cxb6 34. Qxb6) 33... Nd7 $2 (33... Bxc3 $2 34. Ng5 $1 Qxg5 35. hxg5 $18) (33... Qxc3 $19 {aiming for ...Rf8.} 34. b6 cxb6 35. Qxb6 Qf6 36. Qxf6 Bxf6) 34. Ng5 $2 Nf8 $19 35. Qh5 Qd1 {[%emt 0:01:28] Against Bb3. Strongly threatening ...Qxh5.} (35... Qxc3 36. Ba2 Qf6 37. Nf7+ Kh7 38. Ng5+ Kh8 39. Nf7+ Kh7 40. Ng5+ Kh8 $11) 36. g4 Nh7 $2 (36... Rd3 37. Bc4 Ng6 38. Nf7+ Kh7 39. Ng5+ Kh8 40. Nf7+ Kh7 41. Ng5+ Kh8 $11) (36... Rd7 $19 {and Black stays clearly on top.} 37. Nf3 Qd6) 37. Ne6 $2 (37. Bb3 $17 Qxb3 38. Nf7+ Kg8 39. Nxd8) 37... Rd3 {[%emt 0:01:24] ( -> ...Qf3+)} 38. Qf5 {[%emt 0:00:31] [#] Against Qf3+} Nf6 $1 ({Worse is} 38... Bxc3 39. Nd4 Bxd4 40. Qc8+ Kg7 41. Qg8+ Kf6 42. Qg6+ Ke7 43. Qe6+ Kf8 44. Qe8+ Kg7 45. Qg8+ Kf6 46. Qg6+ Ke7 47. Qe6+ Kf8 48. Qe8+ Kg7 49. Qg8+ $11) ({Stronger than} 38... Rxc3 39. Nxg7 Rc1 40. Qc8+ (40. Nh5 Qf1+ 41. Kh2 Qg1+ 42. Kh3 Qf1+ 43. Kh2 Qg1+ 44. Kh3 Qf1+ 45. Kh2 $11) 40... Kxg7 41. Qg8+ Kf6 42. Qg6+ Ke7 43. Qe6+ Kf8 44. Qe8+ Kg7 45. Qg8+ Kf6 46. Qg6+ Ke7 47. Qe6+ Kf8 48. Qe8+ Kg7 49. Qg8+ $11) 39. Nxg7 $2 (39. g5 {might work better.} Qg4+ 40. Qxg4 Nxg4 41. Bh5) 39... Qxg4+ $2 (39... Kxg7 $19 {is more deadly.} 40. Be6 {[#]} Qxg4+ $1 41. Qxg4+ Nxg4 42. Bxg4 Rxc3) 40. Qxg4 $17 Nxg4 41. Be6 $2 (41. Ne6 $15) 41... Kxg7 $19 42. Bxg4 Rxc3 {[%emt 0:00:07][%mdl 4096] Endgame KR-KB} 43. Bd7 Rd3 44. Bc6 Kf6 45. f3 Ke5 46. Kg3 Rd4 47. Be4 Rb4 48. Bc6 Rf4 49. Be4 Rf8 50. Kg4 Kf6 51. Kh5 Kg7 52. Kg4 Kf6 ({Black should play} 52... Rb8 $19 53. Bc6 Kg6 54. Be4+ Kf7 55. Bd5+ Kg7) 53. Kh5 {[%emt 0:00:00] Never resign too early!  Weighted Error Value: White=0.54/Black=0.54} 1/2-1/2

[Event "Germany Countries-chT Youth 2022"]
[Site "Wiesbaden"]
[Date "2022.10.03"]
[Round "5"]
[White "Gluma, Christian"]
[Black "Sidletskyi, Ivan"]
[Result "1/2-1/2"]
[ECO "C07"]
[WhiteElo "2107"]
[BlackElo "2184"]
[Annotator "TA"]
[PlyCount "102"]
[EventDate "2022.09.28"]
[EventType "team-tourn"]
[EventRounds "7"]
[EventCountry "GER"]
[TimeControl "40/5400+30:1800+30"]

1. e4 e6 2. d4 d5 3. Nd2 c5 4. exd5 Qxd5 5. Ngf3 cxd4 6. Bc4 Qd6 7. O-O Nf6 8. Nb3 Nc6 9. Nbxd4 Nxd4 10. Nxd4 Be7 11. Nb5 {[%emt 0:08:35] C07: French Tarrasch: 3...c5, 4 Ngf3 and 4 exd5 Qxd5.} Qc6 12. Qe2 O-O 13. Bf4 {[%emt 0:05:42] The position is equal.} a6 14. Nd4 Qc5 15. Nb3 Qc6 {[%emt 0:08:28] [#]} 16. Nd4 $146 ({Predecessor:} 16. a4 Bd6 17. Bxd6 Qxd6 18. Rad1 Qc7 19. g4 e5 20. g5 Bg4 21. f3 Bh3 22. gxf6 Rfc8 23. Bd3 Bxf1 24. Kxf1 gxf6 {1-0 (104) Dotzer,L (2269)-Holzleithner,J (2022) St Veit 2022}) 16... Qc5 17. Nb3 Qc6 18. Bd3 Bd7 19. Rad1 Rfd8 20. Be5 Rac8 (20... Qa4 $11) 21. Qe3 (21. Na5 $1 $14 Qb6 22. Nc4) 21... Qa4 22. Rd2 Bc6 {[%emt 0:01:35] White must now prevent ...Ng4.} (22... Qxa2 $2 23. Ra1 Qxa1+ 24. Nxa1 $18) 23. Qg3 Qg4 (23... Qxa2 $2 24. Ra1 Qxa1+ 25. Nxa1 $18) 24. Qxg4 Nxg4 25. Bd4 Bd6 26. f4 Nf6 27. g3 Bd5 28. Rfd1 b5 29. c3 Kf8 30. Bf1 Ne4 31. Re2 f5 32. Bg2 Rc4 (32... Be7 $11) 33. Bxe4 $16 fxe4 34. Nd2 Rcc8 35. Nxe4 Be7 36. Nd2 Kf7 37. Kf2 b4 38. Nf3 (38. cxb4 $14 Bxa2 39. Nf3) 38... Ke8 (38... Bxf3 $11 39. Kxf3 bxc3 40. bxc3 Rxc3+ 41. Bxc3 Rxd1) 39. Red2 {[%emt 0:00:50] White is more active.} (39. Bxg7 $16 Bc4 40. Red2) 39... bxc3 $14 40. bxc3 g6 41. Rb1 Rc4 42. Ne5 Ra4 43. Rb6 Bd6 44. Ng4 {[%emt 0:03:32] aiming for Nf6+.} Be7 45. Rbb2 Rc8 46. Ne3 Be4 47. Rb6 Kf7 48. Rdb2 Bc5 (48... h5 $14) 49. Bxc5 $16 {[%emt 0:00:55] White is better.} Rxc5 50. R6b4 Rxb4 51. Rxb4 Bd3 {[%emt 0:01:29] Weighted Error Value: White=0.15 (very precise) /Black=0.18 (very precise)} 1/2-1/2

[Event "Germany Countries-chT Youth 2022"]
[Site "Wiesbaden"]
[Date "2022.10.03"]
[Round "5"]
[White "Hassemeier, Mika"]
[Black "Stork, Oliver"]
[Result "0-1"]
[ECO "D31"]
[WhiteElo "2095"]
[BlackElo "2315"]
[Annotator "RC"]
[PlyCount "62"]
[EventDate "2022.09.28"]
[EventType "team-tourn"]
[EventRounds "7"]
[EventCountry "GER"]
[SourceTitle "playchess.com"]
[Source "ChessBase"]
[SourceQuality "1"]
[TimeControl "40/5400+30:1800+30"]

1. d4 d5 2. c4 e6 3. Nc3 a6 4. cxd5 exd5 5. Qb3 c5 6. Qxd5 cxd4 7. Qxd8+ Kxd8 8. Ne4 Nc6 9. Bd2 Bf5 10. Ng3 Bg6 11. a3 Nf6 12. Nf3 Bc5 13. Nh4 Re8 14. Nxg6 hxg6 15. O-O-O Kc7 16. h4 a5 17. Kb1 b5 18. Rc1 Kb6 19. f3 Ne5 20. Bg5 Nd5 21. Ne4 Bf8 22. Rd1 Nc6 23. h5 Re6 24. g3 f5 25. Nf2 a4 26. Nd3 b4 27. Nxb4 Bxb4 28. axb4 a3 29. e4 a2+ 30. Ka1 Ndxb4 31. Rh2 Na5 0-1